 Dungeon Crawl Stone Soup version 0.31-a0-691-g409c26aa35 (webtiles) character file.

Game seed: 8480040997720221976

37 qw the Shooter (level 3, -5/21 HPs)
             Began as a Gargoyle Hunter on Sept 6, 2023.
             Slain by Sigmund
             ... wielding a +0 scythe
              (7 damage)
             ... on level 2 of the Dungeon.
             The game lasted 00:00:26 (726 turns).

qw the Shooter (Gargoyle Hunter)                     Turns: 726, Time: 00:00:26

Health: -5/21      AC:  8    Str: 14    XL:     3   Next: 39%
Magic:  3/3        EV: 10    Int:  9    God:
Gold:   39         SH:  0    Dex: 15    Spells: 2/2 levels left

rFire   . . .        Y - +0 shortbow
rCold   . . .        (shield currently unavailable)
rNeg    + . .        f - +0 ring mail
rPois   inf          (no helmet)
rElec   +            (no cloak)
rCorr   .            (no gloves)
SInv    .            (no boots)
Will    .....        (no amulet)
Stlth   +            (no ring)
HPRegen 0.23/turn    (no ring)
MPRegen 0.08/turn

%: no passive effects
@: no status effects
A: sickness immunity, AC +3, negative energy resistance 1, electricity
resistance, torment resistance 1, petrification resistance
a: no special abilities


You were on level 2 of the Dungeon.
You visited 1 branch of the dungeon, and saw 2 of its levels.

You collected 39 gold pieces.


Innate Abilities, Weirdness & Mutations

You are immune to sickness and miasma.
Your stone body is resilient. (AC +3)
You are immune to poison.
You resist negative energy. (rN+)
You are resistant to electric shocks. (rElec)
You are resistant to unholy torment.
You are immune to petrification.


   Skills:
 + Level 2.1 Fighting
 - Level 5.0 Ranged Weapons
 - Level 1.0 Armour
 - Level 1.5 Dodging
 - Level 1.1 Stealth


You had 2 spell levels left.
You didn't know any spells.
Your spell library was empty.

Inventory:

Hand Weapons
 Y - a +0 shortbow (weapon)
Armour
 f - a +0 ring mail (worn)
Potions
 e - a potion of lignification {unknown}
 h - a potion of curing
 k - a potion of cancellation {unknown}

Dungeon Overview and Level Annotations

Branches:
Dungeon (2/15)

Altars:

Shops:
D:1 !

Annotations:
D:2 Sigmund


Message History

You shoot an arrow.
The arrow completely misses the giant cockroach.
You shoot an arrow. The arrow hits the giant cockroach.
You kill the giant cockroach!
Your Armour skill increases to level 1!
Sigmund the Dreaded comes into view.
He is wielding a +0 scythe.
Sigmund shouts!
A giant cockroach comes into view.
You shoot an arrow. The arrow hits Sigmund.
Sigmund is lightly wounded.
You shoot an arrow. The arrow hits the giant cockroach.
The giant cockroach is heavily wounded.
You shoot an arrow. The arrow hits Sigmund.
Sigmund is moderately wounded.
You shoot an arrow.
The arrow barely misses the giant cockroach.
Sigmund closely misses you.
You shoot an arrow. The arrow hits the giant cockroach.
You kill the giant cockroach!
Sigmund barely misses you.
Your Ranged Weapons skill increases to level 5!
You shoot an arrow. The arrow hits Sigmund.
Sigmund is heavily wounded.
Sigmund closely misses you.
You shoot an arrow.
The arrow hits Sigmund but does no damage.
Sigmund is heavily wounded.
You shoot an arrow. The arrow hits Sigmund.
Sigmund is severely wounded.
Sigmund hits you from afar with a +0 scythe!
You shoot an arrow. The arrow hits Sigmund.
Sigmund is almost dead.
Sigmund casts a spell at you. The puff of flame hits you!
You shoot an arrow. The arrow barely misses Sigmund.
Sigmund mumbles some strange words.
Sigmund flickers and vanishes!
Deactivating autopickup; reactivate with Ctrl-A.
Something hits you!
You die...

##..# #.##..#.#.##.
#..#######.##..#.#.###
#........... .......
##.#.#####. #.#<#..
#####.#.######## #..##
................ .
#####.#.######.#
...#........# .
#####.@####..# ..
.....{.%...# #.#
.....#.....# #.
####.#.##### . ... #
.#.# .#. # #.


There were no monsters in sight!

Vanquished Creatures
  A bat (D:1)
  2 endoplasms (D:1)
  5 giant cockroaches
  5 goblins
  3 hobgoblins
  3 quokkas (D:1)
  5 ball pythons
  4 frilled lizards
  A kobold (D:1)
  3 rats (D:1)
32 creatures vanquished.

Notes
Turn   | Place    | Note
-------+----------+-------------------------------------------
     0 | D:1      | qw the Gargoyle Hunter began the quest for the Orb.
     0 | D:1      | Reached XP level 1. HP: 12/12 MP: 1/1
     0 | D:1      | 0 ||| qw: Version: 0.3-a-76-g4403597
     0 | D:1      | 0 ||| qw: Game counter: 6
     0 | D:1      | 0 ||| qw: Melee chars always use a shield: true
     0 | D:1      | 0 ||| qw: God list: Okawaru
     0 | D:1      | 0 ||| qw: Allow faded altars: false
     0 | D:1      | 0 ||| qw: Do Orc after clearing Dungeon:15 true
     0 | D:1      | 0 ||| qw: Do second Lair branch before Depths: true
     0 | D:1      | 0 ||| qw: Lair rune preference: random
     0 | D:1      | 0 ||| qw: Goals: Normal
     0 | D:1      | 0 ||| PLANNING D:1-11
    85 | D:1      | Reached XP level 2. HP: 17/17 MP: 2/2
    85 | D:1      | Found Icirheduis's Distillery.
    93 | D:1      | 93 ||| SHOPLISTING 2 potions of cancellation (192 gold,
                  | have 21).
    93 | D:1      | 93 ||| SHOPLISTING potion of curing (36 gold, have 21).
    93 | D:1      | 93 ||| SHOPLISTING potion of haste (120 gold, have 21).
    93 | D:1      | 93 ||| SHOPLISTING potion of heal wounds (60 gold, have
                  | 21).
   378 | D:1      | Reached XP level 3. HP: 21/21 MP: 3/3
   379 | D:1      | Found a faded altar of an unknown god.
   542 | D:1      | 542 ||| UPGRADING to +0 ring mail.
   552 | D:1      | 552 ||| DROPPING +0 leather armour.
   553 | D:1      | 553 ||| READING scroll labelled ARIF DUAPRI.
   558 | D:1      | 558 ||| READING scroll labelled KEDEMI WEUHITI.
   559 | D:1      | 559 ||| READING scroll labelled INKOSCH ZUTUOTWY.
   560 | D:1      | 560 ||| READING 2 scrolls labelled XUACODOGEJ.
   561 | D:1      | 561 ||| DRINKING 2 sedimented amethyst potions.
   562 | D:1      | 562 ||| DROPPING scroll of butterflies.
   563 | D:1      | 563 ||| DROPPING scroll of noise.
   710 | D:2      | Reached skill level 1 in Armour
   716 | D:2      | Noticed Sigmund
   722 | D:2      | Reached skill level 5 in Ranged Weapons
   725 | D:2      | HP: 2/21 [Sigmund/puff of flame (10)]
   726 | D:2      | Slain by Sigmund

Levels and vault maps discovered:
D:1:      heliophobic_arrival_ceremonial_halls, layout_rooms,
          nicolae_ecumenical_snake_handling, serial_shops, shop
D:2:      layout_basic, serial_shops, shop, basic_altar, uniq_sigmund

Skill      XL: |  1  2  3 |
---------------+----------+-----
Armour         | 1 |  1.0
Ranged Weapons | 5 |  5.0
Fighting       | |  2.1
Dodging        | |  1.5
Stealth        | |  1.1

Action                     || total
---------------------------++-------
   Fire: Shortbow          ||   115
    Use: Scroll            ||     4
         Potion            ||     1
 Armour: Leather armour    ||    26
         Ring mail         ||     9
  Dodge: Dodged            ||    32

Table legend:
 A = Non-vault XP
 B = Vault XP
 C = Vault XP percentage of total XP
 D = Non-vault monster count
 E = Vault monster count
 F = Vault count percentage of total count
                 A         B        C        D         E       F
            +---------+---------+-------+---------+---------+-------
      Total |      50 |       3 |   5.7 |      30 |       2 |   6.2
            +---------+---------+-------+---------+---------+-------
        D:1 |      34 |       3 |   8.1 |      21 |       2 |   8.7
        D:2 |      16 |       0 |   0.0 |       9 |       0 |   0.0
            +---------+---------+-------+---------+---------+-------
